 Dungeon Sprint DCSS version 0.25.0-26-g0c896c7088 (webtiles) character file.

Game seed: 7486303435254477508

27 Danqa the Firebug (level 3, -2/19 HPs)
             Began as a Gargoyle Fire Elementalist on July 5, 2020.
             Slain by an ogre
             ... wielding a +0 giant club
              (10 damage)
             ... in the Dungeon (Sprint I: "Red Sonja").
             The game lasted 00:00:57 (49 turns).

Danqa the Firebug (Gargoyle Fire Elementalist)        Turns: 49, Time: 00:00:57

Health: -2/19      AC:  9    Str: 11    XL:     3   Next: 10%
Magic:  4/7        EV: 12    Int: 16    God:
Gold:   0          SH:  0    Dex: 10    Spells: 3/7 levels left

rFire    + . .     SeeInvis .     - Unarmed
rCold    . . .     Gourm    .   (no shield)
rNeg     + . .     Faith    .   j - +3 leather armour {rF+}
rPois    ∞         Spirit   .   (no helmet)
rElec    +         Reflect  .   (no cloak)
rCorr    .         Harm     .   (no gloves)
MR       .....     NoTele   +   (no boots)
Stlth    ++........             (no amulet)
HPRegen  0.06/turn              (no ring)
MPRegen  0.10/turn              (no ring)

@: no status effects
A: negative energy resistance 1, electricity resistance, unbreathing,
petrification resistance, rot immunity, AC +3
a: no special abilities


You were in the Dungeon.
You were not hungry.

You visited 1 branch

Inventory:

Armour
 a - a +0 robe
 j - a +3 leather armour of fire resistance (worn)
Wands
 b - a wand of polymorph (3)
Scrolls
 i - a scroll of blinking
Potions
 d - a potion of curing
 e - a potion of heal wounds
 f - a potion of haste
 g - 2 potions of magic
 h - a potion of berserk rage
Comestibles
 c - a ration


   Skills:
 + Level 2.4 Dodging
 + Level 3.0 Stealth
 + Level 1.2 Unarmed Combat
 + Level 2.9 Spellcasting
 + Level 1.2 Conjurations
 + Level 5.1 Fire Magic


You had 3 spell levels left.
You knew the following spells:

 Your Spells              Type           Power        Failure   Level  Hunger
a - Foxfire               Conj/Fire      ##..         7%          1    #......
b - Conjure Flame         Conj/Fire      ##......     21%         3    ###....

Your spell library contained the following spells:

 Spells                   Type           Power        Failure   Level  Hunger
 Inner Flame              Hex/Fire       ##......     26%         3    ###....
 Sticky Flame             Conj/Fire      ##......     54%         4    #####..
 Fireball                 Conj/Fire      ##........   88%         5    ######.


Dungeon Overview and Level Annotations

Branches:
Dungeon (1/1)

Altars:


Innate Abilities, Weirdness & Mutations

You are resistant to torment.
Your stone body is resilient. (AC +3)
You are immune to poison.
You resist negative energy. (rN+)
You are resistant to electric shocks. (rElec)
You can survive without breathing.
You are immune to petrification.
You are immune to rotting.


Message History

You conjure some foxfire!
The foxfire hits the ogre.
The ogre is moderately wounded.
The foxfire hits the ogre.
The ogre is moderately wounded.
Casting: Foxfire (safe; 7% risk of failure)
Confirm with . or Enter, or press ? or * to list all spells.
You conjure some foxfire!
The foxfire hits the ogre.
The ogre is heavily wounded.
The foxfire hits the ogre but does no damage.
The ogre is heavily wounded.
There is an open door here.
Casting: Foxfire (safe; 7% risk of failure)
Confirm with . or Enter, or press ? or * to list all spells.
You conjure some foxfire!
Your foxfire dissipates!
The foxfire hits the ogre.
The ogre is heavily wounded.
The ogre hits you with a +0 giant club!
Ouch! That really hurt!
You die...

##########
#<.#..'..#
#..O†.#..+
#.@#####+#
#..# #..#
#..# #⌠⌠#
####


You could see an ogre.

Vanquished Creatures
  Ijyb (D)
1 creature vanquished.

Vanquished Creatures (others)
  3 foxfires (D)
3 creatures vanquished.

Grand Total: 4 creatures vanquished

Notes
Turn   | Place    | Note
-------+----------+-------------------------------------------
     0 | D        | Danqa the Gargoyle Fire Elementalist began the quest for
                  | the Orb.
     0 | D        | Reached XP level 1. HP: 10/10 MP: 3/3
     1 | D        | Noticed Ijyb
    20 | D        | Killed Ijyb
    20 | D        | Reached skill level 1 in Unarmed Combat
    20 | D        | Reached skill level 5 in Fire Magic
    20 | D        | Reached XP level 2. HP: 15/15 MP: 3/5
    20 | D        | Reached XP level 3. HP: 19/19 MP: 4/7
    25 | D        | Learned a level 3 spell: Conjure Flame
    39 | D        | Noticed an ogre
    49 | D        | Slain by an ogre

Illustrated notes

Levels and vault maps discovered:
D:        dungeon_sprint_1 [red_sonja_temple_1, red_sonja_temple_small_1]

Skill      XL: |  1 |
---------------+----+-----
Dodging        | 2 |  2.4
Stealth        | 3 |  3.0
Unarmed Combat | 1 |  1.2
Fire Magic     | 5 |  5.1
Spellcasting   | |  2.9
Conjurations   | |  1.2

Action                   || total
-------------------------++-------
Melee: Unarmed           ||    18
 Cast: Foxfire           ||     4
Armor: Skin              ||    11
Dodge: Dodged            ||     1
